 Dungeon Sprint DCSS version 0.17-a0-802-g1f09329 (webtiles) character file.

22200000 namelastname112 the Grand Master (level 27, -6/249 HPs)
             Began as a Demonspawn Monk on Apr 26, 2015.
             Was the Champion of Makhleb.
             Mangled by a meat beast (18 damage)
             ... in the Dungeon (Sprint VIII: "Arena of Blood").
             The game lasted 00:04:44 (222 turns).

namelastname112 the Grand Master (Demonspawn Monk)   Turns: 222, Time: 00:04:46

Health: -6/249     AC:  4    Str:  9 (13) XL:     27
Magic:  0/54       EV: 42    Int: 14      God:    Makhleb [******]
Gold:   0          SH:  0    Dex: 25      Spells: 0 memorised, 80 levels left

rFire  . . .     SeeInvis +     i - +∞ Axe of Woe
rCold  . . .     Clarity  .     a - +0 robe
rNeg   + . .     SustAb   .     (no shield)
rPois  .         Gourm    .     (no helmet)
rElec  .         Spirit   +     (no cloak)
rCorr  .         Warding  .     (gloves unavailable)
rMut   .         NoTele   +     (no boots)
MR     ++...                    (no amulet)
Stlth  +++++++...               (no ring)
                                j - ring of see invisible

@: confused, lethally poisoned (-6 -> -7), slowed, repel missiles, very slow,
very resistant to hostile enchantments, extremely stealthy
A: claws 3, repulsion field 3, negative energy resistance 1, nightstalker 3, 50%
torment resistance, magic shield, magic regeneration, magic link, black mark
a: Minor Destruction, Lesser Servant of Makhleb, Major Destruction, Greater
Servant of Makhleb, Renounce Religion


You were in the Dungeon.
You worshipped Makhleb.
Makhleb was exalted by your worship.
You were not hungry.

You visited 1 branch

Inventory:

Hand weapons
 i - the +∞ Axe of Woe (weapon)
   (You found it in the Dungeon)
Armour
 a - a +0 robe (worn)
Jewellery
 j - a ring of see invisible (left claw)
Scrolls
 h - a scroll of blinking
Potions
 c - a potion of curing
 e - a potion of haste
 f - 2 potions of magic
 g - a potion of berserk rage
Comestibles
 b - a bread ration


   Skills:
 O Level 27 Fighting
 O Level 27 Axes
 O Level 27 Throwing
 O Level 27 Armour
 O Level 27 Dodging
 O Level 27 Stealth
 O Level 27 Unarmed Combat
 O Level 27 Spellcasting
 O Level 27 Invocations


You had 80 spell levels left.
You didn't know any spells.

Dungeon Overview and Level Annotations

Branches:
Dungeon (1/1)

Altars:
Makhleb


Innate Abilities, Weirdness & Mutations

You have claws for hands.
You are surrounded by a strong repulsion field (EV +4, rMsl).
You resist negative energy.
You are completely attuned to the shadows.
You are somewhat able to resist unholy torments (1 in 2 success).
When hurt, damage is shared between your health and your magic reserves.
You regenerate magic rapidly.
When low on magic, you restore magic in place of health.
Your melee attacks sometimes drain vitality from your foes.


Message History

The scourge convulses!
The observer convulses!
You hear a shout!
A meat beast comes into view.
Things that are here:
a +9 war axe; a +30 ring of slaying; a bag of meat corpse Unknown command.
You're too confused to move!
You feel sick.
You hear a shout! x5
You are more confused.
The observer completely misses you.
You hear a shout! x2
The wretched soul breathes negative energy at you.
The bolt of negative energy hits the meat beast.
The meat beast completely resists.
The bolt of negative energy is repelled.
The eight-headed meat hydra calls on the powers of darkness!
The eight-headed meat hydra convulses!
Your body is wracked with pain!
* * * LOW HITPOINT WARNING * * *
The observer convulses!
The meat beast bites you!!
You die...

... ..... .... ###.
... # .#....# #.
.#...WD# ..
..M9W....W# ...
#.M....#9..# ...
..#.p...#2@..# .##
..#...p.S.G..# #...
..#.†.)##).)..#
#...###....#.).....#
.........#...).....#
................###
####..)))....####
..#..).)).####
.......####


You could see a meat beast, an eight-headed meat hydra, an observer (invisible),
a scourge, a fleshlord, 2 wretched souls, a dread and 2 viles.

Vanquished Creatures
  2 molten gargoyles (D)
  5 hell knights (D)
  A hell beast (D)
  2 greater mummies (D)
  2 great orbs of eyes (D)
  4 wraiths (D)
  6 vampire knights (D)
  24 ogres (D)
  3 liches (D)
  4 hydras (D)
  50 orcs (D)
  2 phantoms (D)
  6 hill giants (D)
  A skeletal warrior (D)
  3 sea snakes (D)
  2 tentacled monstrosities (D)
  A reaper (D)
  2 large abominations (D)
120 creatures vanquished.

Notes
Turn   | Place    | Note
--------------------------------------------------------------
     0 | D        | namelastname112, the Demonspawn Monk, began the quest for the Orb.
     0 | D        | Reached XP level 1. HP: 18/18 MP: 1/1
     3 | D        | Noticed a bag of meat
     3 | D        | Noticed a meat berserker
     3 | D        | Killed a meat berserker
     3 | D        | Reached skill level 14 in Fighting
     3 | D        | Reached skill level 5 in Stealth
     3 | D        | Reached skill level 19 in Unarmed Combat
     3 | D        | Gained mutation: You are surrounded by a mild repulsion field (EV +2). [demonic ancestry]
     3 | D        | Reached XP level 2. HP: 21/42 MP: 2/2
     3 | D        | Reached XP level 3. HP: 24/48 MP: 3/3
     3 | D        | Gained mutation: You are slightly more attuned to the shadows. [demonic ancestry]
     3 | D        | Reached XP level 4. HP: 27/55 MP: 4/4
     3 | D        | Gained mutation: You have sharp fingernails. [demonic ancestry]
     3 | D        | Reached XP level 5. HP: 29/61 MP: 5/5
     3 | D        | Gained mutation: When hurt, damage is shared between your health and your magic reserves. [demonic ancestry]
     3 | D        | Reached XP level 6. HP: 32/68 MP: 6/6
     3 | D        | Reached XP level 7. HP: 34/74 MP: 7/7
     3 | D        | Gained mutation: You are surrounded by a moderate repulsion field (EV +3). [demonic ancestry]
     3 | D        | Reached XP level 8. HP: 37/81 MP: 8/8
     3 | D        | Gained mutation: You are significantly more attuned to the shadows. [demonic ancestry]
     3 | D        | Reached XP level 9. HP: 39/87 MP: 9/9
     3 | D        | Reached XP level 10. HP: 42/94 MP: 10/10
     3 | D        | Reached XP level 11. HP: 44/100 MP: 11/11
     3 | D        | Gained mutation: You have very sharp fingernails. [demonic ancestry]
     3 | D        | Reached XP level 12. HP: 47/107 MP: 12/12
     3 | D        | Reached XP level 13. HP: 49/113 MP: 13/13
     5 | D        | Became a worshipper of Makhleb the Destroyer
     5 | D        | Acquired Makhleb's first power
     5 | D        | Acquired Makhleb's second power
     7 | D        | Noticed a meat berserker
     7 | D        | Killed a bag of meat
     7 | D        | Reached skill level 15 in Fighting
     7 | D        | Reached skill level 15 in Axes
     7 | D        | Reached skill level 21 in Unarmed Combat
     8 | D        | Killed a meat berserker
     8 | D        | Reached skill level 15 in Dodging
     8 | D        | Reached skill level 23 in Unarmed Combat
     8 | D        | Gained mutation: You have claws for hands. [demonic ancestry]
     8 | D        | Reached XP level 14. HP: 33/128 MP: 7/14
     9 | D        | Noticed a meat berserker
    10 | D        | Noticed a bag of meat
    10 | D        | Noticed a bag of meat
    11 | D        | Noticed a bag of meat
    11 | D        | Noticed a large bag of meat
    11 | D        | Noticed a bag of meat
    11 | D        | Noticed a bag of meat
    11 | D        | Noticed a bag of meat
    11 | D        | Noticed a bag of meat
    13 | D        | Noticed a bag of meat
    14 | D        | Killed a bag of meat
    14 | D        | Acquired Makhleb's third power
    14 | D        | Reached skill level 24 in Unarmed Combat
    14 | D        | Reached XP level 15. HP: 75/136 MP: 7/15
    14 | D        | Killed a bag of meat
    14 | D        | Reached skill level 25 in Unarmed Combat
    14 | D        | Noticed a bag of meat
    15 | D        | Killed a large bag of meat
    15 | D        | Acquired Makhleb's fourth power
    15 | D        | Reached skill level 26 in Unarmed Combat
    15 | D        | Killed a bag of meat
    15 | D        | Reached skill level 27 in Unarmed Combat
    15 | D        | Gained mutation: You resist negative energy. [demonic ancestry]
    15 | D        | Reached XP level 16. HP: 82/148 MP: 4/16
    15 | D        | Killed a bag of meat
    16 | D        | Killed a bag of meat
    16 | D        | Acquired Makhleb's fifth power
    16 | D        | Killed a meat berserker
    16 | D        | Gained mutation: You regenerate magic rapidly. [demonic ancestry]
    16 | D        | Reached XP level 17. HP: 40/165 MP: 1/17
    17 | D        | Noticed a meat berserker
    17 | D        | Noticed a bag of meat
    17 | D        | Killed a bag of meat
    17 | D        | Reached skill level 10 in Stealth
    17 | D        | Killed a bag of meat
    17 | D        | Killed a bag of meat
    17 | D        | Reached XP level 18. HP: 171/179 MP: 1/18
    18 | D        | Noticed a bag of meat
    18 | D        | Noticed a meat berserker
    18 | D        | Noticed a bag of meat
    18 | D        | Noticed a bag of meat
    19 | D        | Noticed a bag of meat
    19 | D        | Noticed a bag of meat
    20 | D        | Killed a bag of meat
    20 | D        | Killed a bag of meat
    20 | D        | Reached skill level 27 in Fighting
    20 | D        | Reached skill level 27 in Axes
    21 | D        | Noticed a bag of meat
    21 | D        | Noticed a large bag of meat
    22 | D        | Noticed a bag of meat
    22 | D        | Killed a bag of meat
    22 | D        | Reached skill level 27 in Dodging
    23 | D        | Killed a bag of meat
    23 | D        | Killed a meat berserker
    23 | D        | Reached XP level 19. HP: 189/189 MP: 3/19
    24 | D        | Killed a large bag of meat
    24 | D        | Reached skill level 27 in Stealth
    25 | D        | Noticed a destroyer
    25 | D        | Killed a meat berserker
    25 | D        | Killed a bag of meat
    25 | D        | Reached skill level 15 in Invocations
    26 | D        | Noticed a destroyer
    26 | D        | Killed a bag of meat
    26 | D        | Gained mutation: You are surrounded by a strong repulsion field (EV +4, rMsl). [demonic ancestry]
    26 | D        | Reached XP level 20. HP: 182/197 MP: 2/37
    27 | D        | Noticed a meat berserker
    27 | D        | Noticed a meat berserker
    27 | D        | Noticed a meat berserker
    28 | D        | Noticed a meat berserker
    28 | D        | Killed a destroyer
    28 | D        | Killed a bag of meat
    29 | D        | Noticed a bag of meat
    29 | D        | Noticed a bag of meat
    29 | D        | Noticed a bag of meat
    29 | D        | Killed a bag of meat
    30 | D        | Killed a meat berserker
    30 | D        | Gained mutation: You are somewhat able to resist unholy torments (1 in 2 success). [demonic ancestry]
    30 | D        | Reached XP level 21. HP: 204/204 MP: 2/45
    31 | D        | Noticed a bag of meat
    31 | D        | Noticed a bag of meat
    31 | D        | Killed a destroyer
    31 | D        | Reached skill level 27 in Invocations
    32 | D        | Noticed a bag of meat
    32 | D        | Killed a meat berserker
    32 | D        | Gained mutation: You are completely attuned to the shadows. [demonic ancestry]
    32 | D        | Reached XP level 22. HP: 212/212 MP: 3/50
    32 | D        | Killed a meat berserker
    33 | D        | Killed a meat berserker
    33 | D        | Reached skill level 27 in Throwing
    34 | D        | Noticed a meat berserker
    35 | D        | Killed a bag of meat
    35 | D        | Reached skill level 27 in Armour
    35 | D        | Reached skill level 27 in Spellcasting
    35 | D        | Killed a meat berserker
    36 | D        | Noticed a large bag of meat
    36 | D        | Killed a bag of meat
    36 | D        | Reached XP level 23. HP: 219/219 MP: 4/54
    36 | D        | Killed a bag of meat
    36 | D        | Killed a bag of meat
    37 | D        | Killed a bag of meat
    38 | D        | Noticed a bag of meat
    39 | D        | Noticed a bag of meat
    40 | D        | Killed a large bag of meat
    41 | D        | Noticed a meat berserker
    42 | D        | Noticed a bag of meat
    42 | D        | Noticed a large bag of meat
    42 | D        | Noticed a sculptor of flesh
    42 | D        | Noticed a large bag of meat
    43 | D        | Noticed a bag of meat
    43 | D        | Killed a bag of meat
    43 | D        | Killed a meat berserker
    43 | D        | Killed a bag of meat
    43 | D        | Gained mutation: Your melee attacks sometimes drain vitality from your foes. [demonic ancestry]
    43 | D        | Reached XP level 24. HP: 227/227 MP: 5/54
    44 | D        | Noticed a meat berserker
    44 | D        | Noticed a meat berserker
    44 | D        | Noticed a destroyer
    44 | D        | Noticed a meat berserker
    44 | D        | Killed a bag of meat
    44 | D        | Killed a meat berserker
    44 | D        | Killed a bag of meat
    46 | D        | Killed a large bag of meat
    46 | D        | Killed a bag of meat
    46 | D        | Killed a large bag of meat
    47 | D        | Noticed a bag of meat
    47 | D        | Killed a meat berserker
    47 | D        | Reached XP level 25. HP: 224/234 MP: 4/54
    48 | D        | Killed a meat berserker
    49 | D        | Noticed a large bag of meat
    49 | D        | Noticed a destroyer
    49 | D        | Noticed a bag of meat
    49 | D        | Noticed a sculptor of flesh
    49 | D        | Killed a destroyer
    50 | D        | Noticed a bag of meat
    51 | D        | Noticed a bag of meat
    52 | D        | Noticed a meat berserker
    52 | D        | Killed a large bag of meat
    53 | D        | Noticed a meat berserker
    53 | D        | Noticed a meat berserker
    54 | D        | Noticed a bag of meat
    54 | D        | Killed a bag of meat
    54 | D        | Killed a bag of meat
    55 | D        | Noticed a destroyer
    55 | D        | Noticed a bag of meat
    55 | D        | Killed a meat berserker
    55 | D        | Reached XP level 26. HP: 242/242 MP: 4/54
    55 | D        | Killed a meat berserker
    56 | D        | Killed a meat berserker
    56 | D        | Killed a bag of meat
    56 | D        | Killed a sculptor of flesh
    57 | D        | Noticed an accursed
    57 | D        | Killed a bag of meat
    58 | D        | Killed a destroyer
    59 | D        | Noticed a bag of meat
    59 | D        | Killed a bag of meat
    59 | D        | Gained mutation: When low on magic, you restore magic in place of health. [demonic ancestry]
    59 | D        | Reached XP level 27. HP: 249/249 MP: 6/54
    59 | D        | Killed a destroyer
    61 | D        | Noticed a bag of meat
    62 | D        | Killed a bag of meat
    62 | D        | Killed a bag of meat
    63 | D        | Noticed a dread
    64 | D        | Killed an accursed
    66 | D        | Noticed a meat berserker
    66 | D        | Killed a dread
    66 | D        | Killed a bag of meat
    68 | D        | Killed a meat berserker
    69 | D        | Noticed a bag of meat
    72 | D        | Noticed a bag of meat
    74 | D        | Noticed a meat berserker
    75 | D        | Noticed a dread
    75 | D        | Killed a bag of meat
    76 | D        | Noticed a bag of meat
    76 | D        | Noticed a bag of meat
    77 | D        | Noticed a bag of meat
    77 | D        | Killed a meat berserker
    78 | D        | Noticed a meat berserker
    79 | D        | Noticed a bag of meat
    79 | D        | Noticed a bag of meat
    79 | D        | Killed a bag of meat
    79 | D        | Killed a bag of meat
    80 | D        | Killed a dread
    82 | D        | Noticed an accursed
    82 | D        | Killed a meat berserker
    84 | D        | Killed a bag of meat
    84 | D        | Killed a bag of meat
    84 | D        | Killed a bag of meat
    89 | D        | Noticed a meat berserker
    90 | D        | Killed a meat berserker
    91 | D        | Killed an accursed
    92 | D        | Noticed a bag of meat
    92 | D        | Noticed a bag of meat
    92 | D        | Noticed a bag of meat
    94 | D        | Noticed a bag of meat
    94 | D        | Noticed a bag of meat
    94 | D        | Noticed a bag of meat
    95 | D        | Noticed a bag of meat
    95 | D        | Killed a bag of meat
    95 | D        | Killed a bag of meat
    96 | D        | Noticed a tyrant
    96 | D        | Killed a tyrant
    97 | D        | Killed a bag of meat
    98 | D        | Killed a bag of meat
    99 | D        | Killed a bag of meat
    99 | D        | Killed a bag of meat
   101 | D        | Noticed a tyrant
   101 | D        | Killed a bag of meat
   103 | D        | Noticed a destroyer
   104 | D        | Noticed an accursed
   104 | D        | Noticed a bag of meat
   113 | D        | Killed a tyrant
   123 | D        | Noticed a meat beast
   125 | D        | Killed a meat beast
   129 | D        | Noticed a fleshlord
   131 | D        | Noticed a fleshlord
   131 | D        | Killed a fleshlord
   133 | D        | Killed a fleshlord
   134 | D        | Noticed a bag of meat
   139 | D        | Noticed a fleshlord
   141 | D        | Killed a destroyer
   142 | D        | Killed a fleshlord
   142 | D        | Killed a bag of meat
   156 | D        | Noticed an observer
   156 | D        | Killed an observer
   161 | D        | Noticed a meat berserker
   163 | D        | Killed a meat berserker
   168 | D        | Noticed a wretched soul
   173 | D        | Noticed a dread
   175 | D        | Noticed a meat berserker
   175 | D        | Noticed a wretched soul
   175 | D        | Killed a meat berserker
   177 | D        | Killed a wretched soul
   179 | D        | Noticed a fleshlord
   181 | D        | Killed a fleshlord
   186 | D        | Noticed a bag of meat
   186 | D        | Killed a dread
   187 | D        | Noticed a wretched soul
   187 | D        | Killed a bag of meat
   189 | D        | Noticed an observer
   189 | D        | Noticed a fleshlord
   189 | D        | Killed a wretched soul
   189 | D        | Killed a fleshlord
   192 | D        | Killed an observer
   196 | D        | Noticed a vile
   199 | D        | Killed a vile
   200 | D        | Noticed a meat beast
   211 | D        | Noticed a vile
   211 | D        | Killed a vile
   214 | D        | Noticed a meat berserker
   214 | D        | Noticed a dread
   214 | D        | Killed a dread
   215 | D        | Killed a meat berserker
   216 | D        | Noticed an observer
   217 | D        | Noticed a tyrant
   217 | D        | Noticed a meat beast
   218 | D        | Killed a tyrant
   221 | D        | Noticed a vile
   221 | D        | Noticed an accursed
   221 | D        | Noticed a fleshlord
   221 | D        | Noticed a wretched soul
   221 | D        | Noticed a wretched soul
   221 | D        | Noticed a dread
   222 | D        | Noticed a meat beast
   222 | D        | HP: 12/249 [??? (4)]
   222 | D        | Mangled by a meat beast

Action                   |  1- 3 |  4- 6 |  7- 9 | 10-12 | 13-15 | 16-18 | 19-21 | 22-24 | 25-27 || total
-------------------------+-------+-------+-------+-------+-------+-------+-------+-------+-------++-------
Melee: Executioner's axe |     1 |       |       |       |     4 |     5 |     8 |     9 |    54 ||    81
  Use: Potion            |       |       |       |       |       |       |       |       |     1 ||     1
 Stab: Distracted        |       |       |       |       |       |       |       |       |     3 ||     3
